Blue Jackets vs Capitals

Created - 26 janvier 2022 at 16:15

Goals
1 2 3 T
Blue Jackets 1 2 1 4
Capitals 0 2 0 2
Shots
1 2 3 T
Blue Jackets 4 15 13 32
Capitals 15 5 9 29

GoalsPenalties
1st period
1. Blue Jackets , Ryan O'Reilly 24 (Mike Matheson 19, Ryan McDonagh 28) at 0:19
Cedric Paquette (CLB) for Tripping (Minor) at 0:49
Erik Cernak (CLB) for Roughing (Minor) at 7:09
2nd period
2. Capitals , Drew Doughty 6 (Sidney Crosby 29, Josh Manson 24) at 1:37
3. Blue Jackets , Steven Stamkos 29 (Ryan O'Reilly 43) at 2:38 (PP)
4. Capitals , Alex Ovechkin 16 (Mikko Rantanen 33, Erik Karlsson 22) at 8:47 (PP)
5. Blue Jackets , Joel Armia 4 (Artturi Lehkonen 8, Matt Dumba 23) at 16:13
Adam Larsson (WAS) for Interference (Minor) at 1:41
Adam Larsson (WAS) for Holding (Minor) at 4:17
Josh Manson (WAS) for Holding (Minor) at 4:41
Ryan McDonagh (CLB) for Roughing (Minor) at 8:19
Adam Larsson (WAS) for Hooking (Minor) at 13:59
3rd period
6. Blue Jackets , Artturi Lehkonen 4 (David Savard 17) at 12:33
Mike Matheson (CLB) for Tripping (Minor) at 5:13
Adam Larsson (WAS) for Slashing (Minor) at 8:13
Anthony Cirelli (CLB) for Hooking (Minor) at 16:02
Goalie Stats
John Gibson (CLB), 27 saves from 29 shots - (0,931), W, 18-16-3, 60:00 minutes
Darcy Kuemper (WAS), 28 saves from 32 shots - (0,875), L, 16-18-0, 60:00 minutes
3 StarsOfficial
1 - Artturi Lehkonen (CLB)
2 - Ryan O'Reilly (CLB)
3 - Steven Stamkos (CLB)
Referees : Chris Rooney and Jean Hebert
Linesman : Devin Berg and Shandor Alphonso
Game Note
Joel Armia is injured at 16:47 of 2nd period (Strained Right Elbow)



Team Name Goals Shots Shots Attemp Shots Blocked PIM HIT PP PK FO%
Blue Jackets 432661010211 / 5 (20%)151%
Capitals 22961910271 / 5 (20%)149%

Blue Jackets
Player Name POS G A P +/- PIM HIT SHT SB MP PP MP PP SHT PK MP PK SHT FO% FOT
Anthony CirelliC000-1212018:023:4300:15056% 18
Anthony ManthaLW/RW000-1022017:483:4300:0000% 1
Artturi LehkonenLW/RW1122005013:340:0004:3200% 0
Cedric PaquetteC/RW0002212012:240:0003:23065% 20
Chris KreiderLW/RW0001022121:053:3500:000100% 1
David SavardD0111000112:440:0000:3600% 0
Erik CernakD0000260118:430:0002:4800% 0
Joel ArmiaRW101100207:000:0000:5500% 1
Mathieu JosephRW000100206:380:0000:0000% 0
Matt DumbaD0110011324:173:4504:3600% 0
Matt MartinLW/RW000002003:410:0000:0000% 0
Mike MathesonD0111200119:553:3300:0000% 0
Nikita ZaitsevD0001013119:463:3324:1400% 0
Oliver BjorkstrandLW/RW000-1004021:403:4323:52133% 3
Ryan McDonaghD0111242224:323:4514:3400% 0
Ryan O'ReillyC1121012021:053:3500:00050% 30
Steven LorentzC/LW000000007:320:0003:51033% 9
Steven StamkosC/LW/RW1011003021:053:3520:0000% 1
Capitals
Player Name POS G A P +/- PIM HIT SHT SB MP PP MP PP SHT PK MP PK SHT FO% FOT
Adam LarssonD000-1850215:270:0600:2400% 0
Alex OvechkinLW/RW101-2055020:095:1620:000100% 1
Brad RichardsonC/LW/RW0000003010:010:0003:1800% 0
Brandon TanevLW/RW0000030015:080:0002:2500% 1
Brayden PointC0000004015:513:0810:00038% 13
Calle JarnkrokC/LW/RW0000012013:073:0800:0000% 0
Cody CeciD0000042021:194:4124:0400% 0
Drew DoughtyD101-1011123:393:3703:2200% 0
Erik KarlssonD011-1001222:564:0413:4800% 0
Garnet HathawayRW000001107:010:0200:1600% 1
Ivan BarbashevC/LW/RW0000011012:510:0002:52042% 24
Jay BeagleC0000000110:530:0004:10067% 15
Josh MansonD011-1250323:224:2002:1900% 0
Luke KuninC/RW000001209:590:0000:0000% 1
Mikko RantanenRW011-2003020:095:1620:00050% 2
Pavel BuchnevichLW/RW0000003015:493:0610:00067% 3
Sidney CrosbyC011-2001020:095:1600:00052% 23
Trevor van RiemsdykD0000000013:120:0000:3800% 0

Blue Jackets

5 vs 5 Forward
Line #Left WingCenterRight WingPHYDFOFWanted %Time %Time Play
1Chris KreiderRyan O'ReillySteven Stamkos1224040%17:30
2Anthony ManthaAnthony CirelliOliver Bjorkstrand1223432%14:05
3Joel ArmiaCedric PaquetteArtturi Lehkonen1221820%9:02
4Matt MartinSteven LorentzMathieu Joseph12288%3:41
5 vs 5 Defense
Line #DefenseDefensePHYDFOFWanted %Time %Time Play
1Ryan McDonaghMike Matheson1224037%16:23
2Erik CernakMatt Dumba1223536%15:56
3Nikita ZaitsevDavid Savard1222527%11:59
4David SavardNikita Zaitsev12200%0:00
Power Play Forward
Line #Left WingCenterRight WingPHYDFOFWanted %Time %Time Play
1Chris KreiderRyan O'ReillySteven Stamkos1226049%3:35
2Oliver BjorkstrandAnthony CirelliAnthony Mantha1224051%3:43
Power Play Defense
Line #DefenseDefensePHYDFOFWanted %Time %Time Play
1Ryan McDonaghMatt Dumba1225051%3:45
2Nikita ZaitsevMike Matheson1225049%3:33
Penalty Kill 4 Players Forward
Line #CenterWingPHYDFOFWanted %Time %Time Play
1Cedric PaquetteArtturi Lehkonen1225054%4:32
2Steven LorentzOliver Bjorkstrand1225046%3:52
Penalty Kill 4 Players Defense
Line #DefenseDefensePHYDFOFWanted %Time %Time Play
1Ryan McDonaghMatt Dumba1225052%4:24
2Nikita ZaitsevErik Cernak1225048%4:00
Penalty Kill 3 Players
Line #WingPHYDFOFWanted %Time %Time PlayDefenseDefensePHYDFOFWanted %Time %Time Play
1Cedric Paquette122500%0:00 Ryan McDonaghDavid Savard122500%0:00
2Anthony Cirelli122500%0:00 Matt DumbaMike Matheson122500%0:00
4 vs 4 Forward
Line #CenterWingPHYDFOFWanted %Time %Time Play
1Ryan O'ReillyAnthony Mantha122500%0:00
2Anthony CirelliOliver Bjorkstrand122500%0:00
4 vs 4 Defense
Line #DefensePHYDFOFWanted %Time %Time Play
1Ryan McDonaghMike Matheson122500%0:00
2Matt DumbaErik Cernak122500%0:00
Last Minutes Offensive
Left WingCenterRight WingDefenseDefense
Chris KreiderRyan O'ReillySteven StamkosRyan McDonaghMatt Dumba
Last Minutes Defensive
Left WingCenterRight WingDefenseDefense
Artturi LehkonenAnthony CirelliJoel ArmiaRyan McDonaghDavid Savard
Time
Total ForwardTotal DefenseLast Minutes OffensiveLast Minutes Defensive
60:00 60:00 0:000:00
Extra Forwards
Normal PowerPlayPenalty Kill
Mathieu Joseph, Steven Stamkos, Oliver BjorkstrandMathieu Joseph, Steven StamkosJoel Armia
Extra Defensemen
Normal PowerPlayPenalty Kill
David Savard, Erik Cernak, Matt DumbaNikita Zaitsev, Ryan McDonaghMatt Dumba
Penalty Shots
Ryan O'Reilly, Anthony Cirelli, Steven Stamkos, Chris Kreider, Mathieu Joseph
Goalie
John Gibson, Chris Driedger
Custom OT Lines Forwards
Steven Stamkos, Mathieu Joseph, Anthony Cirelli, Chris Kreider, Ryan O'Reilly, Anthony Mantha, Oliver Bjorkstrand, Joel Armia, Matt Martin, Steven Lorentz
Custom OT Lines Defensemen
Ryan McDonagh, David Savard, Mike Matheson, Erik Cernak, Nikita Zaitsev
Scratches
Brent Seabrook (Healthy), Sam Carrick (Healthy)

Capitals

5 vs 5 Forward
Line #Left WingCenterRight WingPHYDFOFWanted %Time %Time Play
1Alex OvechkinSidney CrosbyMikko Rantanen1223534%14:53
2Brandon TanevBrayden PointPavel Buchnevich1222729%12:43
3Calle JarnkrokIvan BarbashevLuke Kunin1222223%9:59
4Garnet HathawayJay BeagleBrad Richardson1221615%6:43
5 vs 5 Defense
Line #DefenseDefensePHYDFOFWanted %Time %Time Play
1Josh MansonDrew Doughty1223028%12:23
2Erik KarlssonAdam Larsson1223034%15:01
3Trevor van RiemsdykCody Ceci1222428%12:34
4Drew DoughtyJosh Manson1221610%4:20
Power Play Forward
Line #Left WingCenterRight WingPHYDFOFWanted %Time %Time Play
1Alex OvechkinSidney CrosbyMikko Rantanen1225063%5:16
2Calle JarnkrokBrayden PointPavel Buchnevich1225037%3:08
Power Play Defense
Line #DefenseDefensePHYDFOFWanted %Time %Time Play
1Erik KarlssonDrew Doughty1225044%3:43
2Josh MansonCody Ceci1225056%4:41
Penalty Kill 4 Players Forward
Line #CenterWingPHYDFOFWanted %Time %Time Play
1Ivan BarbashevBrandon Tanev1225042%2:25
2Jay BeagleBrad Richardson1225058%3:18
Penalty Kill 4 Players Defense
Line #DefenseDefensePHYDFOFWanted %Time %Time Play
1Cody CeciAdam Larsson1225055%3:07
2Josh MansonDrew Doughty1225045%2:36
Penalty Kill 3 Players
Line #WingPHYDFOFWanted %Time %Time PlayDefenseDefensePHYDFOFWanted %Time %Time Play
1Ivan Barbashev1225040%0:38 Cody CeciAdam Larsson1225040%0:38
2Jay Beagle1225060%0:57 Josh MansonDrew Doughty1225060%0:57
4 vs 4 Forward
Line #CenterWingPHYDFOFWanted %Time %Time Play
1Sidney CrosbyAlex Ovechkin122500%0:00
2Brayden PointMikko Rantanen122500%0:00
4 vs 4 Defense
Line #DefensePHYDFOFWanted %Time %Time Play
1Josh MansonDrew Doughty122500%0:00
2Erik KarlssonAdam Larsson122500%0:00
Last Minutes Offensive
Left WingCenterRight WingDefenseDefense
Alex OvechkinSidney CrosbyMikko RantanenErik KarlssonDrew Doughty
Last Minutes Defensive
Left WingCenterRight WingDefenseDefense
Brandon TanevJay BeagleIvan BarbashevJosh MansonCody Ceci
Time
Total ForwardTotal DefenseLast Minutes OffensiveLast Minutes Defensive
60:00 60:00 0:000:00
Extra Forwards
Normal PowerPlayPenalty Kill
Mikko Rantanen, Pavel Buchnevich, Brayden PointPavel Buchnevich, Brayden PointGarnet Hathaway
Extra Defensemen
Normal PowerPlayPenalty Kill
Cody Ceci, Erik Karlsson, Drew DoughtyErik Karlsson, Cody CeciErik Karlsson
Penalty Shots
Mikko Rantanen, Sidney Crosby, Alex Ovechkin, Brayden Point, Pavel Buchnevich
Goalie
Darcy Kuemper, Jake Allen
Custom OT Lines Forwards
Mikko Rantanen, Sidney Crosby, Brayden Point, Alex Ovechkin, Brandon Tanev, Pavel Buchnevich, Luke Kunin, Ivan Barbashev, Calle Jarnkrok, Garnet Hathaway
Custom OT Lines Defensemen
Josh Manson, Drew Doughty, Erik Karlsson, Cody Ceci, Adam Larsson
Scratches
Ben Harpur (Healthy), Daniel Sprong (Healthy)


Play-by-Play

1st period


0:01 of 1st period - Sidney Crosby wins face-off versus Ryan O'Reilly in neutral zone.
0:08 of 1st period - Ryan McDonagh is hit by Alex Ovechkin and loses puck.
0:19 of 1st period - Shot by Ryan O'Reilly.
0:19 of 1st period - Goal by Ryan O'Reilly - Blue Jackets : 1 - Capitals : 0.
0:20 of 1st period - Brayden Point wins face-off versus Anthony Cirelli in neutral zone.
0:29 of 1st period - Shot by Pavel Buchnevich.
0:29 of 1st period - Shot Misses the Net.
0:39 of 1st period - Shot by Brayden Point.
0:39 of 1st period - Stopped by John Gibson without a rebound.
0:40 of 1st period - Cedric Paquette wins face-off versus Ivan Barbashev in Blue Jackets zone.
0:46 of 1st period - Icing by David Savard.
0:47 of 1st period - Cedric Paquette wins face-off versus Jay Beagle in Blue Jackets zone.
0:49 of 1st period - Minor Penalty to Cedric Paquette for Tripping.
0:50 of 1st period - Sidney Crosby wins face-off versus Joel Armia in Blue Jackets zone.
1:04 of 1st period - Alex Ovechkin is hit by Ryan McDonagh and loses puck.
1:17 of 1st period - Shot by Erik Karlsson.
1:17 of 1st period - Stopped by John Gibson with a rebound.
2:19 of 1st period - Shot by Brayden Point.
2:19 of 1st period - Shot Misses the Net.
2:55 of 1st period - Ryan McDonagh is hit by Garnet Hathaway and loses puck.
3:22 of 1st period - Shot by Garnet Hathaway.
3:22 of 1st period - Deflect By Brad Richardson.
3:22 of 1st period - Stopped by John Gibson without a rebound.
3:23 of 1st period - Ivan Barbashev wins face-off versus Anthony Cirelli in Blue Jackets zone.
4:00 of 1st period - Shot by Nikita Zaitsev.
4:00 of 1st period - Shot Misses the Net.
4:12 of 1st period - Adam Larsson is hit by Matt Martin and loses puck.
4:31 of 1st period - Shot by Mathieu Joseph.
4:31 of 1st period - Shot Misses the Net.
5:01 of 1st period - Shot by Mikko Rantanen.
5:01 of 1st period - Stopped by John Gibson with a rebound.
5:51 of 1st period - Artturi Lehkonen is hit by Cody Ceci.
6:13 of 1st period - Nikita Zaitsev is hit by Brandon Tanev and loses puck.
6:52 of 1st period - Shot by Garnet Hathaway.
6:52 of 1st period - Stopped by John Gibson without a rebound.
6:53 of 1st period - Sidney Crosby wins face-off versus Steven Lorentz in Blue Jackets zone.
6:53 of 1st period - Mikko Rantanen is hit by Erik Cernak and loses puck.
7:09 of 1st period - Minor Penalty to Erik Cernak for Roughing.
7:10 of 1st period - Sidney Crosby wins face-off versus Steven Lorentz in Blue Jackets zone.
7:13 of 1st period - Shot by Alex Ovechkin.
7:13 of 1st period - Stopped by John Gibson without a rebound.
7:14 of 1st period - Sidney Crosby wins face-off versus Oliver Bjorkstrand in Blue Jackets zone.
7:31 of 1st period - Shot by Cody Ceci.
7:31 of 1st period - Stopped by John Gibson with a rebound.
7:33 of 1st period - Shot by Cody Ceci.
7:33 of 1st period - Shot Misses the Net.
7:35 of 1st period - Shot by Mikko Rantanen.
7:35 of 1st period - Stopped by John Gibson without a rebound.
7:36 of 1st period - Brayden Point wins face-off versus Cedric Paquette in Blue Jackets zone.
8:19 of 1st period - Shot by Pavel Buchnevich.
8:19 of 1st period - Stopped by John Gibson without a rebound.
8:20 of 1st period - Cedric Paquette wins face-off versus Sidney Crosby in Blue Jackets zone.
9:12 of 1st period - Icing by Ryan O'Reilly.
9:13 of 1st period - Brayden Point wins face-off versus Ryan O'Reilly in Blue Jackets zone.
9:26 of 1st period - Shot by Pavel Buchnevich.
9:26 of 1st period - Deflect By Brayden Point.
9:26 of 1st period - Stopped by John Gibson with a rebound.
9:37 of 1st period - Shot by Steven Stamkos.
9:37 of 1st period - Shot Blocked by Erik Karlsson.
10:16 of 1st period - Shot by Calle Jarnkrok.
10:16 of 1st period - Shot Blocked by David Savard.
10:26 of 1st period - Shot by Luke Kunin.
10:26 of 1st period - Stopped by John Gibson without a rebound.
10:27 of 1st period - Alex Ovechkin wins face-off versus Cedric Paquette in Blue Jackets zone.
10:50 of 1st period - Shot by Artturi Lehkonen.
10:50 of 1st period - Stopped by Darcy Kuemper with a rebound.
10:52 of 1st period - Shot by Ryan McDonagh.
10:52 of 1st period - Stopped by Darcy Kuemper without a rebound.
10:53 of 1st period - Jay Beagle wins face-off versus Ryan O'Reilly in Capitals zone.
10:53 of 1st period - Jay Beagle is hit by Chris Kreider.
11:05 of 1st period - Shot by Brad Richardson.
11:05 of 1st period - Stopped by John Gibson without a rebound.
11:06 of 1st period - Anthony Cirelli wins face-off versus Sidney Crosby in Blue Jackets zone.
11:11 of 1st period - Adam Larsson is hit by Anthony Cirelli and loses puck.
12:27 of 1st period - Off-side.
12:28 of 1st period - Ryan O'Reilly wins face-off versus Luke Kunin in neutral zone.
13:26 of 1st period - Icing by Ryan O'Reilly.
13:27 of 1st period - Mikko Rantanen wins face-off versus Ryan O'Reilly in Blue Jackets zone.
14:09 of 1st period - Shot by Sidney Crosby.
14:09 of 1st period - Stopped by John Gibson without a rebound.
14:10 of 1st period - Jay Beagle wins face-off versus Anthony Cirelli in Blue Jackets zone.
15:31 of 1st period - David Savard is hit by Cody Ceci and loses puck.
16:42 of 1st period - Shot by Steven Stamkos.
16:42 of 1st period - Stopped by Darcy Kuemper without a rebound.
16:43 of 1st period - Steven Lorentz wins face-off versus Ivan Barbashev in Capitals zone.
17:13 of 1st period - Mathieu Joseph is hit by Calle Jarnkrok and loses puck.
17:24 of 1st period - Shot by Ivan Barbashev.
17:24 of 1st period - Stopped by John Gibson without a rebound.
17:25 of 1st period - Ryan O'Reilly wins face-off versus Pavel Buchnevich in Blue Jackets zone.
17:25 of 1st period - Chris Kreider is hit by Brandon Tanev and loses puck.
17:38 of 1st period - Shot by Brayden Point.
17:38 of 1st period - Stopped by John Gibson with a rebound.
18:06 of 1st period - Shot by Steven Stamkos.
18:06 of 1st period - Shot Hit the Post.
18:31 of 1st period - Anthony Mantha is hit by Josh Manson and loses puck.
18:38 of 1st period - Shot by Oliver Bjorkstrand.
18:38 of 1st period - Deflect By Anthony Mantha.
18:38 of 1st period - Shot Misses the Net.
18:40 of 1st period - Shot by Anthony Mantha.
18:40 of 1st period - Shot Misses the Net.
18:42 of 1st period - Shot by Nikita Zaitsev.
18:42 of 1st period - Deflect By Anthony Mantha.
18:42 of 1st period - Shot Misses the Net.
18:52 of 1st period - Shot by Sidney Crosby.
18:52 of 1st period - Deflect By Mikko Rantanen.
18:52 of 1st period - Shot Misses the Net.
18:58 of 1st period - Shot by Alex Ovechkin.
18:58 of 1st period - Shot Misses the Net.
19:07 of 1st period - Off-side.
19:08 of 1st period - Jay Beagle wins face-off versus Cedric Paquette in neutral zone.
19:39 of 1st period - Shot by Joel Armia.
19:39 of 1st period - Shot Blocked by Erik Karlsson.
Goals for this period are 1 for Blue Jackets vs 0 for Capitals.
Shots for this period are 4 for Blue Jackets vs 15 for Capitals.

2nd period


0:01 of 2nd period - Ryan O'Reilly wins face-off versus Sidney Crosby in neutral zone.
0:01 of 2nd period - Steven Stamkos is hit by Alex Ovechkin and loses puck.
0:16 of 2nd period - Icing by Ryan McDonagh.
0:17 of 2nd period - Ryan O'Reilly wins face-off versus Brayden Point in Blue Jackets zone.
0:22 of 2nd period - Shot by Brandon Tanev.
0:22 of 2nd period - Shot Blocked by Mike Matheson.
0:24 of 2nd period - Shot by Brandon Tanev.
0:24 of 2nd period - Shot Misses the Net.
0:39 of 2nd period - Ryan O'Reilly is hit by Cody Ceci and loses puck.
1:23 of 2nd period - Shot by Alex Ovechkin.
1:23 of 2nd period - Shot Misses the Net.
1:27 of 2nd period - Shot by Mikko Rantanen.
1:27 of 2nd period - Shot Misses the Net.
1:29 of 2nd period - Shot by Josh Manson.
1:29 of 2nd period - Deflect By Mikko Rantanen.
1:29 of 2nd period - Shot Misses the Net.
1:35 of 2nd period - Shot by Sidney Crosby.
1:35 of 2nd period - Shot Blocked by Erik Cernak.
1:37 of 2nd period - Shot by Drew Doughty.
1:37 of 2nd period - Goal by Drew Doughty - Blue Jackets : 1 - Capitals : 1.
1:38 of 2nd period - Cedric Paquette wins face-off versus Ivan Barbashev in neutral zone.
1:41 of 2nd period - Shot by Joel Armia.
1:41 of 2nd period - Stopped by Darcy Kuemper without a rebound.
1:41 of 2nd period - Minor Penalty to Adam Larsson for Interference.
1:42 of 2nd period - Jay Beagle wins face-off versus Oliver Bjorkstrand in Capitals zone.
2:36 of 2nd period - Shot by Steven Stamkos.
2:36 of 2nd period - Shot Misses the Net.
2:38 of 2nd period - Shot by Steven Stamkos.
2:38 of 2nd period - Goal by Steven Stamkos - Blue Jackets : 2 - Capitals : 1.
2:39 of 2nd period - Sidney Crosby wins face-off versus Cedric Paquette in neutral zone.
2:45 of 2nd period - Icing by Nikita Zaitsev.
2:46 of 2nd period - Sidney Crosby wins face-off versus Cedric Paquette in Blue Jackets zone.
3:05 of 2nd period - Shot by Joel Armia.
3:05 of 2nd period - Deflect By Cedric Paquette.
3:05 of 2nd period - Stopped by Darcy Kuemper without a rebound.
3:06 of 2nd period - Ryan O'Reilly wins face-off versus Ivan Barbashev in Capitals zone.
3:16 of 2nd period - Steven Stamkos is hit by Adam Larsson and loses puck.
3:27 of 2nd period - Shot by Chris Kreider.
3:27 of 2nd period - Shot Misses the Net.
3:45 of 2nd period - Shot by Steven Stamkos.
3:45 of 2nd period - Shot Misses the Net.
3:58 of 2nd period - Icing by Erik Karlsson.
3:59 of 2nd period - Anthony Cirelli wins face-off versus Ivan Barbashev in Capitals zone.
4:02 of 2nd period - Shot by Anthony Cirelli.
4:02 of 2nd period - Shot Misses the Net.
4:12 of 2nd period - Shot by Anthony Mantha.
4:12 of 2nd period - Shot Misses the Net.
4:14 of 2nd period - Shot by Anthony Cirelli.
4:14 of 2nd period - Shot Blocked by Adam Larsson.
4:16 of 2nd period - Shot by Mike Matheson.
4:16 of 2nd period - Deflect By Anthony Cirelli.
4:16 of 2nd period - Stopped by Darcy Kuemper with a rebound.
4:17 of 2nd period - Minor Penalty to Adam Larsson for Holding.
4:18 of 2nd period - Anthony Cirelli wins face-off versus Jay Beagle in Capitals zone.
4:18 of 2nd period - Anthony Cirelli is hit by Drew Doughty.
4:41 of 2nd period - Minor Penalty to Josh Manson for Holding.
4:42 of 2nd period - Jay Beagle wins face-off versus Ryan O'Reilly in Capitals zone.
4:59 of 2nd period - Shot by Ryan McDonagh.
4:59 of 2nd period - Stopped by Darcy Kuemper with a rebound.
6:43 of 2nd period - Shot by Chris Kreider.
6:43 of 2nd period - Stopped by Darcy Kuemper without a rebound.
6:44 of 2nd period - Sidney Crosby wins face-off versus Cedric Paquette in Capitals zone.
6:50 of 2nd period - Sidney Crosby is hit by Erik Cernak and loses puck.
7:07 of 2nd period - Shot by Alex Ovechkin.
7:07 of 2nd period - Stopped by John Gibson without a rebound.
7:08 of 2nd period - Steven Lorentz wins face-off versus Brayden Point in Blue Jackets zone.
7:36 of 2nd period - Mathieu Joseph is hit by Cody Ceci.
8:19 of 2nd period - Minor Penalty to Ryan McDonagh for Roughing.
8:20 of 2nd period - Cedric Paquette wins face-off versus Sidney Crosby in Blue Jackets zone.
8:43 of 2nd period - Shot by Erik Karlsson.
8:43 of 2nd period - Shot Misses the Net.
8:45 of 2nd period - Shot by Mikko Rantanen.
8:45 of 2nd period - Shot Blocked by Matt Dumba.
8:47 of 2nd period - Shot by Alex Ovechkin.
8:47 of 2nd period - Goal by Alex Ovechkin - Blue Jackets : 2 - Capitals : 2.
8:48 of 2nd period - Ryan O'Reilly wins face-off versus Jay Beagle in neutral zone.
10:23 of 2nd period - Icing by Brandon Tanev.
10:24 of 2nd period - Cedric Paquette wins face-off versus Brayden Point in Capitals zone.
10:41 of 2nd period - Shot by Mikko Rantanen.
10:41 of 2nd period - Shot Blocked by Nikita Zaitsev.
10:49 of 2nd period - Shot by Mikko Rantanen.
10:49 of 2nd period - Shot Misses the Net.
10:52 of 2nd period - Alex Ovechkin is hit by Nikita Zaitsev and loses puck.
11:05 of 2nd period - Shot by Artturi Lehkonen.
11:05 of 2nd period - Stopped by Darcy Kuemper without a rebound.
11:06 of 2nd period - Anthony Cirelli wins face-off versus Ivan Barbashev in Capitals zone.
11:23 of 2nd period - Shot by Anthony Cirelli.
11:23 of 2nd period - Shot Misses the Net.
11:41 of 2nd period - Shot by Calle Jarnkrok.
11:41 of 2nd period - Stopped by John Gibson with a rebound.
11:58 of 2nd period - Icing by Matt Dumba.
11:59 of 2nd period - Sidney Crosby wins face-off versus Anthony Cirelli in Blue Jackets zone.
12:41 of 2nd period - Sidney Crosby is hit by Ryan McDonagh and loses puck.
12:45 of 2nd period - Icing by Chris Kreider.
12:46 of 2nd period - Ryan O'Reilly wins face-off versus Brayden Point in Blue Jackets zone.
13:04 of 2nd period - Steven Stamkos is hit by Adam Larsson and loses puck.
13:09 of 2nd period - Shot by Chris Kreider.
13:09 of 2nd period - Stopped by Darcy Kuemper without a rebound.
13:10 of 2nd period - Jay Beagle wins face-off versus Cedric Paquette in Capitals zone.
13:33 of 2nd period - Shot by Brad Richardson.
13:33 of 2nd period - Stopped by John Gibson without a rebound.
13:34 of 2nd period - Chris Kreider wins face-off versus Sidney Crosby in Blue Jackets zone.
13:50 of 2nd period - Icing by Ryan McDonagh.
13:51 of 2nd period - Ryan O'Reilly wins face-off versus Ivan Barbashev in Blue Jackets zone.
13:59 of 2nd period - Minor Penalty to Adam Larsson for Hooking.
14:00 of 2nd period - Anthony Cirelli wins face-off versus Ivan Barbashev in Capitals zone.
14:01 of 2nd period - Shot by Oliver Bjorkstrand.
14:01 of 2nd period - Shot Blocked by Josh Manson.
14:08 of 2nd period - Icing by Anthony Cirelli.
14:09 of 2nd period - Ivan Barbashev wins face-off versus Anthony Mantha in Blue Jackets zone.
14:20 of 2nd period - Shot by Anthony Mantha.
14:20 of 2nd period - Shot Misses the Net.
14:28 of 2nd period - Shot by Matt Dumba.
14:28 of 2nd period - Shot Misses the Net.
14:38 of 2nd period - Shot by Oliver Bjorkstrand.
14:38 of 2nd period - Stopped by Darcy Kuemper without a rebound.
14:39 of 2nd period - Ivan Barbashev wins face-off versus Ryan O'Reilly in Capitals zone.
14:50 of 2nd period - Shot by Mike Matheson.
14:50 of 2nd period - Shot Misses the Net.
14:59 of 2nd period - Icing by Mike Matheson.
15:00 of 2nd period - Jay Beagle wins face-off versus Ryan O'Reilly in Blue Jackets zone.
15:06 of 2nd period - Icing by Mike Matheson.
15:07 of 2nd period - Ivan Barbashev wins face-off versus Ryan O'Reilly in Blue Jackets zone.
15:31 of 2nd period - Shot by Chris Kreider.
15:31 of 2nd period - Shot Misses the Net.
16:13 of 2nd period - Shot by Joel Armia.
16:13 of 2nd period - Goal by Joel Armia - Blue Jackets : 3 - Capitals : 2.
16:14 of 2nd period - Oliver Bjorkstrand wins face-off versus Brayden Point in neutral zone.
16:39 of 2nd period - Shot by Oliver Bjorkstrand.
16:39 of 2nd period - Stopped by Darcy Kuemper without a rebound.
16:40 of 2nd period - Cedric Paquette wins face-off versus Sidney Crosby in Capitals zone.
16:46 of 2nd period - Joel Armia is hit by Adam Larsson and loses puck.
16:47 of 2nd period - Joel Armia from Blue Jackets is injured at 16:47 of 2nd period (Strained Right Elbow).
16:48 of 2nd period - Ryan O'Reilly wins face-off versus Sidney Crosby in Capitals zone.
16:52 of 2nd period - Shot by Ryan O'Reilly.
16:52 of 2nd period - Stopped by Darcy Kuemper with a rebound.
17:04 of 2nd period - Shot by Steven Stamkos.
17:04 of 2nd period - Shot Misses the Net.
17:06 of 2nd period - Shot by Nikita Zaitsev.
17:06 of 2nd period - Stopped by Darcy Kuemper without a rebound.
17:07 of 2nd period - Anthony Cirelli wins face-off versus Ivan Barbashev in Capitals zone.
17:16 of 2nd period - Shot by Oliver Bjorkstrand.
17:16 of 2nd period - Shot Hit the Post.
17:25 of 2nd period - Oliver Bjorkstrand is hit by Josh Manson and loses puck.
17:41 of 2nd period - Icing by Ivan Barbashev.
17:42 of 2nd period - Ivan Barbashev wins face-off versus Ryan O'Reilly in Capitals zone.
17:57 of 2nd period - Shot by Luke Kunin.
17:57 of 2nd period - Shot Blocked by Matt Dumba.
18:10 of 2nd period - Ryan O'Reilly is hit by Alex Ovechkin and loses puck.
18:17 of 2nd period - Icing by Erik Cernak.
18:18 of 2nd period - Brayden Point wins face-off versus Ryan O'Reilly in Blue Jackets zone.
18:36 of 2nd period - Brandon Tanev is hit by Erik Cernak and loses puck.
18:58 of 2nd period - Icing by Cody Ceci.
18:59 of 2nd period - Brayden Point wins face-off versus Anthony Cirelli in Capitals zone.
18:59 of 2nd period - Brayden Point is hit by Anthony Mantha.
19:07 of 2nd period - Shot by Brandon Tanev.
19:07 of 2nd period - Shot Misses the Net.
19:09 of 2nd period - Shot by Trevor van Riemsdyk.
19:09 of 2nd period - Deflect By Brandon Tanev.
19:09 of 2nd period - Shot Misses the Net.
19:23 of 2nd period - Shot by Anthony Mantha.
19:23 of 2nd period - Stopped by Darcy Kuemper without a rebound.
19:24 of 2nd period - Cedric Paquette wins face-off versus Sidney Crosby in Capitals zone.
19:24 of 2nd period - Cedric Paquette is hit by Josh Manson.
19:50 of 2nd period - Shot by Artturi Lehkonen.
19:50 of 2nd period - Stopped by Darcy Kuemper without a rebound.
19:51 of 2nd period - Jay Beagle wins face-off versus Anthony Cirelli in Capitals zone.
Goals for this period are 2 for Blue Jackets vs 2 for Capitals.
Shots for this period are 15 for Blue Jackets vs 5 for Capitals.

3rd period


0:01 of 3rd period - Sidney Crosby wins face-off versus Steven Stamkos in neutral zone.
0:06 of 3rd period - Shot by Alex Ovechkin.
0:06 of 3rd period - Stopped by John Gibson without a rebound.
0:07 of 3rd period - Sidney Crosby wins face-off versus Ryan O'Reilly in Blue Jackets zone.
0:12 of 3rd period - Shot by Alex Ovechkin.
0:12 of 3rd period - Stopped by John Gibson with a rebound.
0:34 of 3rd period - Shot by Chris Kreider.
0:34 of 3rd period - Shot Misses the Net.
0:36 of 3rd period - Shot by Chris Kreider.
0:36 of 3rd period - Shot Blocked by Drew Doughty.
1:27 of 3rd period - Shot by Anthony Cirelli.
1:27 of 3rd period - Shot Blocked by Josh Manson.
1:33 of 3rd period - Shot by Anthony Mantha.
1:33 of 3rd period - Shot Blocked by Josh Manson.
1:57 of 3rd period - Shot by Cedric Paquette.
1:57 of 3rd period - Shot Misses the Net.
1:59 of 3rd period - Shot by Artturi Lehkonen.
1:59 of 3rd period - The goal is going for a video replay.
1:59 of 3rd period - The goal is refused.
2:00 of 3rd period - Jay Beagle wins face-off versus Steven Lorentz in Capitals zone.
2:00 of 3rd period - Jay Beagle is hit by Matt Martin.
2:11 of 3rd period - Icing by Brad Richardson.
2:12 of 3rd period - Ryan O'Reilly wins face-off versus Jay Beagle in Capitals zone.
2:22 of 3rd period - Icing by Adam Larsson.
2:23 of 3rd period - Cedric Paquette wins face-off versus Garnet Hathaway in Capitals zone.
2:51 of 3rd period - Jay Beagle is hit by Ryan McDonagh and loses puck.
3:35 of 3rd period - Brandon Tanev is hit by Erik Cernak and loses puck.
3:40 of 3rd period - Shot by Brayden Point.
3:40 of 3rd period - Shot Misses the Net.
3:42 of 3rd period - Shot by Pavel Buchnevich.
3:42 of 3rd period - Shot Misses the Net.
3:55 of 3rd period - Icing by Erik Cernak.
3:56 of 3rd period - Ryan O'Reilly wins face-off versus Ivan Barbashev in Blue Jackets zone.
4:14 of 3rd period - Josh Manson is hit by Erik Cernak and loses puck.
4:21 of 3rd period - Drew Doughty is hit by Ryan O'Reilly and loses puck.
4:38 of 3rd period - Anthony Mantha is hit by Luke Kunin and loses puck.
4:51 of 3rd period - Shot by Anthony Mantha.
4:51 of 3rd period - Stopped by Darcy Kuemper with a rebound.
4:53 of 3rd period - Shot by Anthony Cirelli.
4:53 of 3rd period - Stopped by Darcy Kuemper with a rebound.
4:59 of 3rd period - Shot by Oliver Bjorkstrand.
4:59 of 3rd period - Shot Misses the Net.
5:08 of 3rd period - Icing by Drew Doughty.
5:09 of 3rd period - Ivan Barbashev wins face-off versus Steven Lorentz in Capitals zone.
5:13 of 3rd period - Minor Penalty to Mike Matheson for Tripping.
5:14 of 3rd period - Cedric Paquette wins face-off versus Sidney Crosby in Blue Jackets zone.
5:48 of 3rd period - Shot by Alex Ovechkin.
5:48 of 3rd period - Shot Misses the Net.
5:50 of 3rd period - Shot by Cody Ceci.
5:50 of 3rd period - Shot Misses the Net.
6:28 of 3rd period - Icing by Brayden Point.
6:29 of 3rd period - Pavel Buchnevich wins face-off versus Steven Lorentz in Capitals zone.
6:44 of 3rd period - Shot by Oliver Bjorkstrand.
6:44 of 3rd period - Stopped by Darcy Kuemper without a rebound.
6:45 of 3rd period - Sidney Crosby wins face-off versus Steven Lorentz in Capitals zone.
6:50 of 3rd period - Shot by Cody Ceci.
6:50 of 3rd period - Stopped by John Gibson with a rebound.
6:52 of 3rd period - Shot by Mikko Rantanen.
6:52 of 3rd period - Stopped by John Gibson without a rebound.
6:53 of 3rd period - Cedric Paquette wins face-off versus Brayden Point in Blue Jackets zone.
7:44 of 3rd period - Shot by Steven Stamkos.
7:44 of 3rd period - Shot Misses the Net.
7:54 of 3rd period - Shot by Steven Stamkos.
7:54 of 3rd period - Shot Blocked by Jay Beagle.
8:13 of 3rd period - Minor Penalty to Adam Larsson for Slashing.
8:14 of 3rd period - Anthony Cirelli wins face-off versus Ivan Barbashev in Capitals zone.
8:25 of 3rd period - Shot by Anthony Cirelli.
8:25 of 3rd period - Shot Misses the Net.
8:27 of 3rd period - Shot by Nikita Zaitsev.
8:27 of 3rd period - Stopped by Darcy Kuemper without a rebound.
8:28 of 3rd period - Anthony Cirelli wins face-off versus Ivan Barbashev in Capitals zone.
8:31 of 3rd period - Shot by Oliver Bjorkstrand.
8:31 of 3rd period - Stopped by Darcy Kuemper without a rebound.
8:32 of 3rd period - Ivan Barbashev wins face-off versus Ryan O'Reilly in Capitals zone.
9:55 of 3rd period - Shot by Nikita Zaitsev.
9:55 of 3rd period - Stopped by Darcy Kuemper without a rebound.
9:56 of 3rd period - Ryan O'Reilly wins face-off versus Ivan Barbashev in Capitals zone.
9:59 of 3rd period - Shot by Chris Kreider.
9:59 of 3rd period - Deflect By Steven Stamkos.
9:59 of 3rd period - Stopped by Darcy Kuemper without a rebound.
10:00 of 3rd period - Ryan O'Reilly wins face-off versus Jay Beagle in Capitals zone.
10:40 of 3rd period - Shot by Mathieu Joseph.
10:40 of 3rd period - Stopped by Darcy Kuemper without a rebound.
10:41 of 3rd period - Pavel Buchnevich wins face-off versus Anthony Cirelli in Capitals zone.
11:06 of 3rd period - Shot by Matt Dumba.
11:06 of 3rd period - Stopped by Darcy Kuemper with a rebound.
11:08 of 3rd period - Shot by Anthony Cirelli.
11:08 of 3rd period - Shot Misses the Net.
11:25 of 3rd period - Icing by Anthony Cirelli.
11:26 of 3rd period - Anthony Cirelli wins face-off versus Sidney Crosby in Blue Jackets zone.
11:26 of 3rd period - Matt Dumba is hit by Alex Ovechkin and loses puck.
12:07 of 3rd period - Alex Ovechkin is hit by Ryan McDonagh.
12:18 of 3rd period - Ryan McDonagh is hit by Adam Larsson and loses puck.
12:33 of 3rd period - Shot by Artturi Lehkonen.
12:33 of 3rd period - Goal by Artturi Lehkonen - Blue Jackets : 4 - Capitals : 2.
12:34 of 3rd period - Cedric Paquette wins face-off versus Brayden Point in neutral zone.
12:36 of 3rd period - Mathieu Joseph is hit by Josh Manson and loses puck.
13:17 of 3rd period - Shot by Cedric Paquette.
13:17 of 3rd period - Stopped by Darcy Kuemper without a rebound.
13:18 of 3rd period - Ivan Barbashev wins face-off versus Anthony Cirelli in Capitals zone.
13:18 of 3rd period - Ivan Barbashev is hit by Anthony Mantha.
13:25 of 3rd period - Calle Jarnkrok is hit by Erik Cernak and loses puck.
13:31 of 3rd period - Ivan Barbashev is hit by Matt Dumba and loses puck.
13:36 of 3rd period - Shot by Calle Jarnkrok.
13:36 of 3rd period - Deflect By Luke Kunin.
13:36 of 3rd period - Stopped by John Gibson with a rebound.
14:08 of 3rd period - Icing by Luke Kunin.
14:09 of 3rd period - Ivan Barbashev wins face-off versus Ryan O'Reilly in Capitals zone.
14:09 of 3rd period - Ivan Barbashev is hit by Chris Kreider.
14:20 of 3rd period - Icing by Trevor van Riemsdyk.
14:21 of 3rd period - Steven Lorentz wins face-off versus Ivan Barbashev in Capitals zone.
14:32 of 3rd period - David Savard is hit by Ivan Barbashev and loses puck.
14:50 of 3rd period - Nikita Zaitsev is hit by Josh Manson and loses puck.
14:57 of 3rd period - Shot by Mathieu Joseph.
14:57 of 3rd period - Stopped by Darcy Kuemper without a rebound.
14:58 of 3rd period - Ryan O'Reilly wins face-off versus Brandon Tanev in Capitals zone.
14:58 of 3rd period - Ryan O'Reilly is hit by Adam Larsson.
15:14 of 3rd period - Shot by Pavel Buchnevich.
15:14 of 3rd period - Stopped by John Gibson with a rebound.
15:19 of 3rd period - Chris Kreider is hit by Brandon Tanev.
15:27 of 3rd period - Shot by Mike Matheson.
15:27 of 3rd period - Shot Blocked by Adam Larsson.
15:29 of 3rd period - Shot by Ryan McDonagh.
15:29 of 3rd period - Shot Misses the Net.
16:02 of 3rd period - Minor Penalty to Anthony Cirelli for Hooking.
16:03 of 3rd period - Cedric Paquette wins face-off versus Sidney Crosby in Blue Jackets zone.
16:03 of 3rd period - Cedric Paquette is hit by Alex Ovechkin.
16:43 of 3rd period - Shot by Josh Manson.
16:43 of 3rd period - Shot Misses the Net.
16:55 of 3rd period - Calle Jarnkrok is hit by Cedric Paquette and loses puck.
17:06 of 3rd period - Shot by Brayden Point.
17:06 of 3rd period - Shot Blocked by Ryan McDonagh.
17:08 of 3rd period - Shot by Brayden Point.
17:08 of 3rd period - Shot Blocked by Ryan McDonagh.
17:18 of 3rd period - Shot by Brayden Point.
17:18 of 3rd period - Stopped by John Gibson with a rebound.
17:20 of 3rd period - Shot by Calle Jarnkrok.
17:20 of 3rd period - Shot Misses the Net.
17:22 of 3rd period - Shot by Erik Karlsson.
17:22 of 3rd period - Shot Blocked by Matt Dumba.
18:10 of 3rd period - Off-side.
18:11 of 3rd period - Jay Beagle wins face-off versus Ryan O'Reilly in neutral zone.
18:18 of 3rd period - Shot by Garnet Hathaway.
18:18 of 3rd period - Deflect By Jay Beagle.
18:18 of 3rd period - Shot Misses the Net.
18:20 of 3rd period - Shot by Jay Beagle.
18:20 of 3rd period - Shot Misses the Net.
18:31 of 3rd period - Icing by David Savard.
18:32 of 3rd period - Ivan Barbashev wins face-off versus Ryan O'Reilly in Blue Jackets zone.
18:45 of 3rd period - Shot by Luke Kunin.
18:45 of 3rd period - Shot Blocked by Chris Kreider.
18:47 of 3rd period - Shot by Luke Kunin.
18:47 of 3rd period - Shot Misses the Net.
18:55 of 3rd period - Shot by Calle Jarnkrok.
18:55 of 3rd period - Stopped by John Gibson without a rebound.
18:56 of 3rd period - Anthony Cirelli wins face-off versus Brayden Point in Blue Jackets zone.
19:29 of 3rd period - Shot by Pavel Buchnevich.
19:29 of 3rd period - Stopped by John Gibson without a rebound.
19:30 of 3rd period - Ryan O'Reilly wins face-off versus Mikko Rantanen in Blue Jackets zone.
Goals for this period are 1 for Blue Jackets vs 0 for Capitals.
Shots for this period are 13 for Blue Jackets vs 9 for Capitals.




Output by the SimonT Hockey Simulator (STHS) for Eric Henault - Original Page W3C HTML5 Valid
Hockey Simulator - Hockey Simulation - Hockey Manager